[Event "Titled Tuesday Blitz February 14 Early 2023"]
[White "Kuchava, Ana"]
[Black "Kvaloy, Aksel Bu"]
[WhiteFideId "13605348"]
[BlackFideId "1528815"]
[WhiteElo "2101"]
[BlackElo "2321"]
[Result "0-1"]
[Round "08"]
[TimeControl "180+2"]
[Date "2023.02.14"]
[WhiteClock "0:00:04"]
[BlackClock "0:01:24"]

1. d4 Nf6 2. Nf3 e6 3. c4 d5 4. Nc3 Bb4 5. Qa4+ Nc6 6. e3 O-O 7. Bd3 dxc4 8. Bxc4 Bd6 9. O-O e5 10. dxe5 Nxe5 11. Nxe5 Bxe5 12. Rd1 Bxh2+ 13. Kxh2 Ng4+ 14. Kg3 Qg5 15. f4 Qh5 16. Bd2 Qh2+ 17. Kf3 Qh4 18. g3 Qh2 19. Be1 Nf6 20. Bxf7+ Kxf7 21. Qc4+ Be6 22. Qxc7+ Kg8 23. e4 Rac8 24. Qe5 Bg4+ 25. Ke3 Rfe8 0-1


[Site "https://www.chess.com"]

[Event "Titled Tuesday Blitz February 14 Early 2023"]
[White "Afanasieva, Alexandra"]
[Black "Georg, Heinz"]
[WhiteFideId "34126926"]
[BlackFideId "4607295"]
[WhiteElo "1857"]
[BlackElo "2107"]
[Result "0-1"]
[Round "08"]
[TimeControl "180+2"]
[Date "2023.02.14"]
[WhiteClock "0:00:01"]
[BlackClock "0:00:05"]

1. e4 e5 2. Nf3 Nc6 3. Bb5 f5 4. d3 Nf6 5. Nc3 d6 6. Bg5 Be7 7. O-O O-O 8. Bc4+ Kh8 9. a3 fxe4 10. dxe4 Bg4 11. h3 Bh5 12. Qd3 Bxf3 13. Qxf3 Nd4 14. Qd1 Qd7 15. f4 h6 16. Bxf6 Bxf6 17. f5 c6 18. Ne2 d5 19. Nxd4 exd4 20. Bd3 dxe4 21. Bxe4 Rfe8 22. Bd3 Re3 23. Qg4 Rae8 24. Qg6 R8e5 25. Qg4 b5 26. Rad1 Qe7 27. b3 Qd6 28. a4 a6 29. axb5 cxb5 30. Ra1 Re8 31. Rad1 Rg3 32. Qf4 Be5 33. Qf2 Qd5 34. Rde1 Rf8 35. Re2 Re3 36. Rxe3 dxe3 37. Qe2 Bd4 38. Kh1 Qe5 39. Rf3 a5 40. c3 Bc5 41. b4 axb4 42. cxb4 Bb6 43. Bxb5 Ra8 0-1


[Site "https://www.chess.com"]

[Event "Titled Tuesday Blitz February 14 Early 2023"]
[White "Willathgamuwa, Kevin"]
[Black "Makhmudov, Shukhrat"]
[WhiteFideId "3214168"]
[BlackFideId "14200775"]
[WhiteElo "2062"]
[BlackElo "2115"]
[Result "1-0"]
[Round "08"]
[TimeControl "180+2"]
[Date "2023.02.14"]
[WhiteClock "0:00:14"]
[BlackClock "0:00:18"]

1. e4 e5 2. Nf3 Nc6 3. d4 exd4 4. Bc4 Nf6 5. e5 d5 6. Bb5 Ne4 7. Nxd4 Bc5 8. O-O Bd7 9. Bxc6 bxc6 10. f3 Ng5 11. Be3 Bb6 12. f4 Ne4 13. Nd2 c5 14. N4b3 Nxd2 15. Qxd2 d4 16. Bf2 Bc6 17. f5 O-O 18. f6 gxf6 19. Bh4 Qd7 20. Bxf6 Qg4 21. Rf4 Qg6 22. h3 h5 23. Raf1 Kh7 24. Rf5 Rg8 25. Rg5 Qh6 26. Qd3+ Rg6 27. Qf5 Bd5 28. Rf2 Be6 29. Qe4 Rd8 30. Bxd8 c4 31. Rxg6 Qxg6 32. Qxg6+ Kxg6 33. Nd2 c3 34. bxc3 dxc3 35. Nb3 Bf5 36. Bh4 Bxc2 37. Kf1 Bxf2 38. Bxf2 Bxb3 39. axb3 Kf5 40. Ke2 Kxe5 41. Kd3 a6 42. Kxc3 Ke4 43. Kc4 f5 44. Kc5 Kd3 45. Kc6 Kc3 46. Kxc7 Kxb3 47. Kb6 Kc4 48. Kxa6 Kd3 49. Bg3 Ke2 50. Bf4 Kf2 51. g3 h4 52. gxh4 Kf3 53. Be5 Ke4 54. Bb8 f4 55. h5 f3 56. Ba7 Kf5 57. h6 Kg6 58. Be3 f2 59. Bxf2 Kxh6 60. h4 Kh5 61. Kb5 Kh6 62. Kc4 Kh5 63. Kd3 Kg4 64. Ke3 Kh5 65. Kf3 Kg6 66. Kg4 Kh6 67. h5 Kh7 68. Be3 Kg7 69. Kg5 Kf7 70. h6 Kg8 71. Kg6 Kh8 72. Bd4+ 1-0


[Site "https://www.chess.com"]

[Event "Titled Tuesday Blitz February 14 Early 2023"]
[White "Ciuffoletti, Paolo"]
[Black "Kornyukov, Alexey"]
[WhiteFideId "807630"]
[BlackFideId "4150457"]
[WhiteElo "2106"]
[BlackElo "2452"]
[Result "1/2-1/2"]
[Round "08"]
[TimeControl "180+2"]
[Date "2023.02.14"]
[WhiteClock "0:00:08"]
[BlackClock "0:00:16"]

1. e4 c5 2. d4 cxd4 3. c3 dxc3 4. Nxc3 Nc6 5. Nf3 e5 6. Bc4 Be7 7. Qd5 d6 8. Qxf7+ Kd7 9. Qxg7 Nf6 10. Nd5 Nxd5 11. exd5 Nb4 12. Bb5+ Kc7 13. Bg5 Nc2+ 14. Kd2 Rg8 15. Qxe7+ Qxe7 16. Bxe7 Nxa1 17. Rxa1 Rxg2 18. Ke3 Bg4 19. Rc1+ Kb6 20. Bf1 Bxf3 21. Kxf3 Rg6 22. Bd3 Rh6 23. Bg5 Rh3+ 24. Ke2 h6 25. Be3+ Ka5 26. Rc3 Rxe3+ 27. fxe3 Rg8 28. Be4 Rg1 29. Rc7 Ka6 30. Rd7 Ra1 31. Rxd6+ Kb5 32. Rxh6 Rxa2 33. d6 Rxb2+ 34. Kd3 Rb1 35. Rh7 Rd1+ 36. Ke2 Rxd6 37. Rxb7+ Ka6 38. Rg7 Rh6 39. Rh7 Rf6 40. h4 Kb6 41. h5 a5 42. Rb7+ Ka6 43. Rg7 Kb5 44. Rg6 Rf8 45. h6 Rh8 46. Rf6 a4 47. h7 a3 48. Bd3+ Kb4 49. Ra6 Kb3 50. Rb6+ Kc3 51. Rc6+ Kb3 52. Rb6+ Kc3 53. Rc6+ Kb3 54. Rb6+ 1/2-1/2


[Site "https://www.chess.com"]

[Event "Titled Tuesday Blitz February 14 Early 2023"]
[White "ritanovikova"]
[Black "Orujov, Elshad"]
[BlackFideId "13403540"]
[WhiteElo "2179"]
[BlackElo "2304"]
[Result "0-1"]
[Round "08"]
[TimeControl "180+2"]
[Date "2023.02.14"]
[WhiteClock "0:01:14"]
[BlackClock "0:01:35"]

1. d4 Nf6 2. Bf4 d5 3. Nf3 c5 4. c3 Nc6 5. e3 Qb6 6. Qb3 c4 7. Qxb6 axb6 8. Nbd2 b5 9. Ne5 e6 10. Nxc6 bxc6 11. f3 b4 12. e4 bxc3 13. bxc3 Ra3 14. Nb1 Ra4 15. Be2 dxe4 16. Bd1 Ra7 17. Nd2 exf3 18. Bxf3 Nd5 19. Bg3 Ba6 20. Rc1 Ba3 21. Rc2 O-O 22. Bf2 Bb5 23. Ne4 Ba4 24. Re2 f5 25. Ng5 Nxc3 26. Rxe6 Re7 27. Rxe7 Bxe7 28. Ne6 Re8 29. O-O Bd6 30. Ng5 h6 31. Nh3 Nxa2 32. Bh5 Rb8 33. Ra1 Bb3 34. Bd1 Bxd1 35. Rxd1 c3 36. Be3 c2 37. Rf1 Rb1 0-1


[Site "https://www.chess.com"]

[Event "Titled Tuesday Blitz February 14 Early 2023"]
[White "Bongo Akanga Ndjila, Barthelemy"]
[Black "Rosh Jain"]
[WhiteFideId "10609431"]
[BlackFideId "25789465"]
[WhiteElo "1824"]
[BlackElo "2248"]
[Result "0-1"]
[Round "08"]
[TimeControl "180+2"]
[Date "2023.02.14"]
[WhiteClock "0:00:47"]
[BlackClock "0:00:20"]

1. d4 Nf6 2. c4 e6 3. Nf3 d5 4. cxd5 exd5 5. Nc3 Be7 6. Bg5 O-O 7. Qc2 c6 8. e3 Re8 9. Bd3 h6 10. Bh4 Nbd7 11. O-O Nf8 12. Rab1 a5 13. a3 Be6 14. Ne5 N8d7 15. b4 axb4 16. axb4 Nxe5 17. dxe5 Nd7 18. Bg3 c5 19. bxc5 Nxc5 20. Bh7+ Kh8 21. Bf5 Rc8 22. Rfc1 Qc7 23. Bxe6 fxe6 24. Qg6 Ne4 25. Ne2 Qd7 26. Nd4 Bc5 27. Nb5 Bxe3 28. Rxc8 Rxc8 29. fxe3 Qxb5 30. Qxe4 Rc1+ 31. Kf2 Qf1# 0-1


[Site "https://www.chess.com"]

[Event "Titled Tuesday Blitz February 14 Early 2023"]
[White "Sadovsky, Artem"]
[Black "Hartikainen, Jarmo"]
[WhiteFideId "4155840"]
[BlackFideId "503134"]
[WhiteElo "2276"]
[BlackElo "2108"]
[Result "1-0"]
[Round "08"]
[TimeControl "180+2"]
[Date "2023.02.14"]
[WhiteClock "0:00:27"]
[BlackClock "0:00:01"]

1. d4 d5 2. Nf3 Nf6 3. e3 c6 4. Bd3 e6 5. O-O Nbd7 6. Nbd2 Bd6 7. e4 dxe4 8. Nxe4 Nxe4 9. Bxe4 Qc7 10. h4 h6 11. c4 Nf6 12. c5 Nxe4 13. cxd6 Qxd6 14. Qe2 Nf6 15. Ne5 Qxd4 16. b3 Qxh4 17. Ba3 Bd7 18. Rfd1 O-O-O 19. Nxf7 e5 20. Nxd8 Ng4 21. Qf3 Qh2+ 22. Kf1 Rxd8 23. Rxd7 Rxd7 24. Re1 Qh1+ 25. Ke2 Qh4 26. g3 Qg5 27. Bc1 Qh5 28. Rh1 Qg6 29. Kf1 e4 30. Qf8+ Kc7 31. Bf4+ Kb6 32. Qb4+ Ka6 33. Qa4+ Kb6 34. Qb4+ Ka6 35. Qa4+ Kb6 36. Kg2 e3 37. Qb4+ Ka6 38. Qa4+ Kb6 39. fxe3 Rd2+ 40. Kf3 Ne5+ 41. Bxe5 Qd3 42. Qd4+ Qxd4 43. Bxd4+ Kb5 44. Bxg7 Rxa2 45. Rxh6 a5 46. Bd4 Ra3 47. Rh5+ Ka6 48. g4 b6 49. g5 Rxb3 50. g6 Rb1 51. g7 Rg1 52. Bf6 a4 53. Rg5 a3 54. Rxg1 1-0


[Site "https://www.chess.com"]

[Event "Titled Tuesday Blitz February 14 Early 2023"]
[White "Thorsteinsdottir, Hallgerdur"]
[Black "Pein, Jonathan"]
[WhiteFideId "2302454"]
[BlackFideId "417092"]
[WhiteElo "1978"]
[BlackElo "2265"]
[Result "0-1"]
[Round "08"]
[TimeControl "180+2"]
[Date "2023.02.14"]
[WhiteClock "0:00:11"]
[BlackClock "0:01:29"]

1. d4 g6 2. c4 Bg7 3. Nc3 d6 4. e4 e5 5. Nge2 Nc6 6. Be3 Nge7 7. f3 f5 8. Qd2 f4 9. Bf2 a5 10. d5 Nb4 11. a3 Na6 12. Nc1 Bd7 13. Nd3 a4 14. c5 O-O 15. Be2 b6 16. c6 Bc8 17. Nxa4 g5 18. Nc3 h5 19. g3 Ng6 20. Kd1 Nc5 21. Kc2 Qf6 22. b4 Nxd3 23. Qxd3 g4 24. fxg4 hxg4 25. h4 f3 26. Bd1 Nf4 27. Qe3 Bh6 28. Qe1 Ng2 29. Qf1 Be3 30. Bxe3 Nxe3+ 0-1


[Site "https://www.chess.com"]

[Event "Titled Tuesday Blitz February 14 Early 2023"]
[White "Mazurkiewicz, Michal"]
[Black "Hertlein, Irena"]
[WhiteFideId "1124943"]
[BlackFideId "21817618"]
[WhiteElo "2145"]
[BlackElo "1994"]
[Result "1-0"]
[Round "08"]
[TimeControl "180+2"]
[Date "2023.02.14"]
[WhiteClock "0:00:29"]
[BlackClock "0:00:10"]

1. e4 c5 2. Nf3 e6 3. d3 Nc6 4. g3 Nf6 5. Bg2 d5 6. Nbd2 Be7 7. O-O O-O 8. e5 Nd7 9. Re1 b5 10. h4 a5 11. Nf1 a4 12. a3 b4 13. Bf4 Bb7 14. Ne3 Nd4 15. h5 Nxf3+ 16. Qxf3 h6 17. Ng4 Bg5 18. Qe3 d4 19. Qd2 Bxg2 20. Kxg2 Bxf4 21. Qxf4 Qg5 22. Qxg5 hxg5 23. axb4 cxb4 24. Re4 Rfc8 25. Rxd4 a3 26. bxa3 Rxa3 27. Rxa3 bxa3 28. Ra4 Rxc2 29. Rxa3 Rc5 30. d4 Rd5 31. Ra4 Nb6 32. Rb4 Nd7 33. Kf3 f5 34. exf6 gxf6 35. Ke3 f5 36. Nh2 Nf6 37. Nf3 Ng4+ 38. Ke2 Nf6 39. Nxg5 Nxh5 40. Nxe6 Kf7 41. Ng5+ Kg6 42. Nf3 f4 43. g4 Nf6 44. Rb6 Kf7 45. Ne5+ Ke7 46. g5 Ne4 47. Kf3 Nd2+ 48. Kg4 Rxd4 49. Nc6+ 1-0


[Site "https://www.chess.com"]

[Event "Titled Tuesday Blitz February 14 Early 2023"]
[White "Michalski, Olaf"]
[Black "Mesa Cruz, Juan Carlos"]
[WhiteFideId "1106740"]
[BlackFideId "6423400"]
[WhiteElo "2273"]
[BlackElo "2122"]
[Result "0-1"]
[Round "08"]
[TimeControl "180+2"]
[Date "2023.02.14"]
[WhiteClock "0:00:28"]
[BlackClock "0:02:12"]

1. d4 Nf6 2. c4 e6 3. Nf3 Bb4+ 4. Nbd2 b6 5. g3 Bb7 6. Bg2 O-O 7. O-O d6 8. Qc2 Nbd7 9. a3 Bxd2 10. Nxd2 Bxg2 11. Kxg2 c5 12. dxc5 dxc5 13. Nf3 Qc8 14. Bf4 Qc6 15. Rfd1 e5 16. Be3 Ng4 17. Qf5 Nxe3+ 18. fxe3 Nf6 19. Kf2 Rae8 20. Nxe5 Rxe5 0-1


[Site "https://www.chess.com"]

[Event "Titled Tuesday Blitz February 14 Early 2023"]
[White "Ricaurte Lopez, Juan Carlos"]
[Black "Martinez, Shawn"]
[WhiteFideId "3600327"]
[BlackFideId "2039770"]
[WhiteElo "2226"]
[BlackElo "1881"]
[Result "1-0"]
[Round "08"]
[TimeControl "180+2"]
[Date "2023.02.14"]
[WhiteClock "0:00:07"]
[BlackClock "0:00:02"]

1. e4 c5 2. d4 cxd4 3. c3 Nf6 4. e5 Nd5 5. Bc4 Nb6 6. Bb3 d5 7. exd6 e6 8. cxd4 Bxd6 9. Nf3 Nc6 10. O-O h6 11. a3 O-O 12. Nc3 e5 13. dxe5 Nxe5 14. Bf4 Nxf3+ 15. Qxf3 Bxf4 16. Qxf4 Qf6 17. Qxf6 gxf6 18. Rad1 Bf5 19. Rd6 Kg7 20. Rfd1 Rfe8 21. f3 Re7 22. g4 Be6 23. Bxe6 Rxe6 24. Ne4 Rc8 25. b3 Rc2 26. R1d2 Rxd2 27. Rxd2 Rc6 28. Kf2 h5 29. h3 hxg4 30. hxg4 Nc8 31. Rd7 b5 32. Rb7 a6 33. Kg3 Nb6 34. g5 f5 35. Nf2 Nd5 36. Rd7 Nc3 37. Kf4 Kg6 38. Nd3 Ne2+ 39. Ke3 Nc3 40. Ne5+ Kxg5 41. Nxc6 f4+ 42. Kd4 Nb1 43. Rxf7 Nxa3 44. Ne5 Nc2+ 45. Ke4 a5 46. Rf5+ Kh6 47. Rxf4 a4 48. bxa4 bxa4 49. Nc4 a3 50. Nxa3 Nxa3 51. Kf5 Nc2 52. Kf6 Kh5 53. Re4 Na3 54. f4 Nc2 55. f5 1-0


[Site "https://www.chess.com"]

[Event "Titled Tuesday Blitz February 14 Early 2023"]
[White "Thomas, Anysia"]
[Black "Jesusesmifuerza"]
[WhiteFideId "670472"]
[WhiteElo "2147"]
[BlackElo "2006"]
[Result "0-1"]
[Round "08"]
[TimeControl "180+2"]
[Date "2023.02.14"]
[WhiteClock "0:00:05"]
[BlackClock "0:01:01"]

1. d4 d5 2. c4 e6 3. Nf3 a6 4. g3 dxc4 5. a4 Nc6 6. Bg2 Nf6 7. O-O Be7 8. Na3 Na5 9. Qc2 Bxa3 10. Rxa3 O-O 11. Bd2 Nb3 12. Qxc4 Nxd2 13. Nxd2 c6 14. e4 Bd7 15. e5 Nd5 16. Ne4 b5 17. Qc2 bxa4 18. h4 Rb8 19. Ng5 g6 20. g4 Qb6 21. Rxa4 c5 22. dxc5 Bxa4 23. Qxa4 Qxc5 24. h5 Rxb2 25. hxg6 hxg6 26. Bxd5 Qxd5 27. Qf4 Qd2 28. Qh2 Qxg5 29. f4 Qxg4+ 30. Kh1 Kg7 31. Rg1 Rxh2+ 0-1


[Site "https://www.chess.com"]

[Event "Titled Tuesday Blitz February 14 Early 2023"]
[White "Mohammadian, Mohammad"]
[Black "Ghosh, Chanchal Kumer"]
[WhiteFideId "12566055"]
[BlackFideId "10201858"]
[WhiteElo "1398"]
[BlackElo "2020"]
[Result "0-1"]
[Round "08"]
[TimeControl "180+2"]
[Date "2023.02.14"]
[WhiteClock "0:00:15"]
[BlackClock "0:00:13"]

1. e4 c5 2. Nf3 d6 3. d4 cxd4 4. Nxd4 Nf6 5. Nc3 a6 6. Be2 e5 7. Nb3 Be6 8. Be3 Be7 9. O-O O-O 10. f4 Nbd7 11. f5 Bxb3 12. axb3 b5 13. Qe1 b4 14. Nd5 Nxd5 15. exd5 Nf6 16. Rxa6 Rxa6 17. Bxa6 Nxd5 18. Bf2 Qa5 19. Bc4 Nf6 20. Bh4 d5 21. Bxf6 Bxf6 22. Be2 e4 23. Qc1 Rc8 24. g4 Qc5+ 25. Kh1 Qxc2 26. Qe3 Qxb2 27. g5 Bd4 28. Qh3 Qxe2 29. f6 Rc2 30. fxg7 Kxg7 31. Rxf7+ Kxf7 32. Qf5+ Ke7 33. Qxh7+ Kd6 34. Qg6+ Kc5 0-1


[Site "https://www.chess.com"]

[Event "Titled Tuesday Blitz February 14 Early 2023"]
[White "Osuna Vega, Enrique"]
[Black "Floresvillar Gonzalez, Luis Migu"]
[WhiteFideId "2219549"]
[BlackFideId "5100542"]
[WhiteElo "2061"]
[BlackElo "2043"]
[Result "1-0"]
[Round "08"]
[TimeControl "180+2"]
[Date "2023.02.14"]
[WhiteClock "0:00:14"]
[BlackClock "0:00:36"]

1. e4 e5 2. Nf3 Nc6 3. Bb5 Nf6 4. d3 Qe7 5. Nc3 Nd4 6. Bc4 c6 7. Bg5 d6 8. h3 Be6 9. Bxe6 fxe6 10. Nxd4 exd4 11. Ne2 c5 12. f4 h6 13. Bh4 g6 14. e5 g5 15. exf6 Qxf6 16. Bg3 O-O-O 17. Qd2 Be7 18. O-O-O gxf4 19. Bxf4 e5 20. Bh2 Qg7 21. Kb1 Qxg2 22. Rdg1 Qc6 23. Ng3 Bg5 24. Qg2 d5 25. Nf5 Rhe8 26. h4 Bf4 27. Bxf4 exf4 28. Qg4 Kb8 29. Qxf4+ Ka8 30. Qxh6 Re6 31. Qg5 Rde8 32. Ng7 Re5 33. Nxe8 Rxg5 34. hxg5 Qxe8 35. g6 Qe3 36. Rh8+ 1-0


[Site "https://www.chess.com"]

[Event "Titled Tuesday Blitz February 14 Early 2023"]
[White "Yonal, Timur"]
[Black "Balog, Imre"]
[WhiteFideId "44115725"]
[BlackFideId "728446"]
[WhiteElo "2039"]
[BlackElo "2615"]
[Result "1-0"]
[Round "08"]
[TimeControl "180+2"]
[Date "2023.02.14"]
[WhiteClock "0:01:47"]
[BlackClock "0:00:02"]

1. e4 c5 2. Nf3 Nc6 3. Bb5 e6 4. O-O Nge7 5. c3 a6 6. Ba4 b5 7. Bc2 d6 8. d4 cxd4 9. cxd4 Bb7 10. a3 Ng6 11. Nc3 Be7 12. d5 Nce5 13. Nxe5 Nxe5 14. f4 Nc4 15. dxe6 fxe6 16. Qh5+ g6 17. Qh6 Qb6+ 18. Kh1 O-O-O 19. Bb3 Kb8 20. Qh3 e5 21. a4 Na5 22. Nd5 Qd4 23. Nxe7 Nxb3 24. Qxb3 Qxe4 25. Qg3 Rhe8 26. axb5 Rxe7 27. bxa6 Bc6 28. a7+ Ka8 29. fxe5 Rf7 30. Rxf7 dxe5 31. Be3 Qc2 32. Rff1 Rd3 33. Rac1 Rxe3 34. Rxc2 Rxg3 35. hxg3 Bb7 36. Ra1 Bd5 37. Rc8+ Kb7 38. a8=Q+ Kb6 39. Qa6# 1-0


[Site "https://www.chess.com"]

[Event "Titled Tuesday Blitz February 14 Early 2023"]
[White "ArchibaldCerveza29"]
[Black "Tsotsonava, Elene"]
[BlackFideId "13615939"]
[WhiteElo "2506"]
[BlackElo "2053"]
[Result "0-1"]
[Round "08"]
[TimeControl "180+2"]
[Date "2023.02.14"]
[WhiteClock "0:00:22"]
[BlackClock "0:00:27"]

1. e4 c5 2. Nf3 e6 3. d4 cxd4 4. Nxd4 Nc6 5. Nc3 Qc7 6. Be3 a6 7. Qf3 Bd6 8. O-O-O Be5 9. g4 Nge7 10. h4 b5 11. Kb1 Bb7 12. h5 h6 13. Nxc6 Bxc6 14. Bc1 b4 15. Ne2 a5 16. Qd3 d5 17. f4 dxe4 18. Qc4 Bd6 19. Nd4 Bd5 20. Qb5+ Kf8 21. f5 e5 22. Ne2 Rc8 23. c3 Bc4 24. Qa4 Bd3+ 25. Ka1 Nd5 26. Bd2 Nb6 27. Qxa5 Ra8 28. cxb4 Rxa5 29. bxa5 Nc4 30. Nc3 Qxa5 31. Bxd3 exd3 32. Ne4 Bb4 33. Bxb4+ Qxb4 34. Rh2 d2 35. Rb1 d1=Q 36. Rxd1 f6 37. Rc2 Kf7 38. a3 Qb3 39. Kb1 Nxa3+ 40. Ka1 Nxc2+ 41. Kb1 Na3+ 42. Ka1 Qxd1+ 43. Ka2 Qd5+ 44. Kxa3 Qxe4 45. g5 Qxf5 46. g6+ Qxg6 47. hxg6+ Kxg6 48. b4 Rb8 49. b5 h5 50. Ka4 h4 51. Ka5 h3 52. Ka6 h2 53. b6 Rxb6+ 54. Ka7 h1=Q 55. Kxb6 Qb7+ 56. Kxb7 e4 57. Kc6 e3 58. Kd5 e2 59. Kd4 e1=Q 60. Kd5 Qe5+ 61. Kc6 f5 62. Kb7 f4 63. Ka8 f3 64. Kb7 f2 65. Kc8 f1=Q 66. Kd7 Qf7+ 67. Kc8 Qee8# 0-1


[Site "https://www.chess.com"]

[Event "Titled Tuesday Blitz February 14 Early 2023"]
[White "Nakamura, Hikaru"]
[Black "Nihal Sarin"]
[WhiteFideId "2016192"]
[BlackFideId "25092340"]
[WhiteElo "2775"]
[BlackElo "2673"]
[Result "1/2-1/2"]
[Round "09"]
[TimeControl "180+2"]
[Date "2023.02.14"]
[WhiteClock "0:01:30"]
[BlackClock "0:02:15"]

1. d4 Nf6 2. Bg5 d5 3. Nd2 c6 4. e3 Bf5 5. c4 e6 6. Qb3 Qb6 7. Ne2 Nbd7 8. Nc3 Qxb3 9. Nxb3 Ne4 10. Nxe4 Bxe4 11. f3 Bg6 12. Rc1 a5 13. a3 Nb6 14. Nc5 Bxc5 15. dxc5 Nxc4 16. Bxc4 dxc4 17. e4 1/2-1/2


[Site "https://www.chess.com"]

[Event "Titled Tuesday Blitz February 14 Early 2023"]
[White "Sanal, Vahap"]
[Black "Ter-Sahakyan, Samvel"]
[WhiteFideId "6300545"]
[BlackFideId "13302531"]
[WhiteElo "2600"]
[BlackElo "2617"]
[Result "0-1"]
[Round "09"]
[TimeControl "180+2"]
[Date "2023.02.14"]
[WhiteClock "0:00:02"]
[BlackClock "0:00:05"]

1. Nf3 d5 2. b3 c5 3. e3 Nf6 4. Bb2 g6 5. g3 Bg7 6. Bg2 O-O 7. O-O Nc6 8. Ne5 Bd7 9. Nxd7 Qxd7 10. d3 e6 11. Nd2 Rac8 12. Qe2 Rfd8 13. a3 Qe7 14. Rad1 a6 15. h3 Ne8 16. Bxg7 Nxg7 17. c4 d4 18. e4 e5 19. f4 f5 20. Rde1 exf4 21. gxf4 fxe4 22. Bxe4 Kh8 23. Qg2 Qf6 24. Nf3 Rf8 25. Ng5 Nf5 26. Bxf5 Qxf5 27. Ne4 Rcd8 28. Re2 Rd7 29. Rb2 a5 30. Re2 Re7 31. Ref2 Rd7 32. Qg3 Rg7 33. Kh2 Ne7 34. Qh4 Qc8 35. Qg5 Nf5 36. Rg1 b6 37. Rf3 Qe6 38. h4 Ne3 39. Rh3 Rf5 40. Qg3 Rh5 41. Qf3 Qe7 42. Ng5 Qb7 43. Ne4 Qe7 44. Ng5 Qb7 45. Qg3 Qe7 46. Qf2 Qb7 47. Rgg3 Qd7 48. Qf3 Nf5 49. Rg4 Ne3 50. Rgg3 Re7 51. Rg1 Nf5 52. Ne4 Ne3 53. Ng3 Ng4+ 54. Kg2 Ne3+ 55. Kh2 Ng4+ 56. Kg2 Ne3+ 57. Kf2 Qxh3 58. Qa8+ Kg7 59. Nxh5+ Kf7 60. Ng3 Qh2+ 61. Rg2 Qxg2+ 62. Qxg2 Nxg2 63. Kxg2 Re3 64. Ne4 Rxd3 65. Ng5+ Kg8 66. f5 gxf5 0-1


[Site "https://www.chess.com"]

[Event "Titled Tuesday Blitz February 14 Early 2023"]
[White "Indjic, Aleksandar"]
[Black "Chigaev, Maksim"]
[WhiteFideId "911925"]
[BlackFideId "4108116"]
[WhiteElo "2618"]
[BlackElo "2628"]
[Result "1-0"]
[Round "09"]
[TimeControl "180+2"]
[Date "2023.02.14"]
[WhiteClock "0:00:32"]
[BlackClock "0:00:01"]

1. e4 c5 2. Nf3 e6 3. c3 d5 4. e5 Nc6 5. d4 Bd7 6. Be2 Nge7 7. Na3 Nf5 8. Nc2 cxd4 9. cxd4 Qb6 10. h4 Rc8 11. O-O Be7 12. h5 h6 13. Rb1 Qd8 14. Bd3 Nb4 15. Nxb4 Bxb4 16. a3 Ba5 17. Bd2 Bxd2 18. Qxd2 Nh4 19. Ne1 O-O 20. f4 a6 21. Qf2 Bb5 22. Bxb5 axb5 23. Nd3 b6 24. Rbc1 Rc4 25. b3 Rxc1 26. Rxc1 Nf5 27. g4 Ne7 28. f5 f6 29. Nf4 Qa8 30. Nxe6 Qxa3 31. Re1 Rc8 32. exf6 gxf6 33. Qe3 Qd6 34. Nf4 Kf7 35. Ng6 Nxg6 36. hxg6+ Kf8 37. Qxh6+ 1-0


[Site "https://www.chess.com"]

[Event "Titled Tuesday Blitz February 14 Early 2023"]
[White "Bharath Subramaniyam H"]
[Black "Andreikin, Dmitry"]
[WhiteFideId "46634827"]
[BlackFideId "4158814"]
[WhiteElo "2517"]
[BlackElo "2729"]
[Result "0-1"]
[Round "09"]
[TimeControl "180+2"]
[Date "2023.02.14"]
[WhiteClock "0:00:02"]
[BlackClock "0:00:06"]

1. e4 e6 2. d4 d5 3. Nc3 Bb4 4. exd5 exd5 5. Bd3 Nf6 6. a3 Bd6 7. Nge2 c6 8. O-O O-O 9. Bf4 Bg4 10. f3 Bh5 11. Qd2 Bg6 12. Rae1 Bxd3 13. Qxd3 Re8 14. Na4 Na6 15. Bxd6 Qxd6 16. Ng3 g6 17. b4 Nc7 18. Nb2 a5 19. Qd2 axb4 20. axb4 Nb5 21. Ra1 Na3 22. c3 Ra7 23. Rfe1 Rxe1+ 24. Rxe1 Nb5 25. Qg5 Kh8 26. Nd3 Ra8 27. Ne5 Rf8 28. Re3 Nc7 29. h4 Ng8 30. Qf4 Qf6 31. Qg4 Nh6 32. Qg5 Ng8 33. Nd7 Qxg5 34. hxg5 Re8 35. Rxe8 Nxe8 36. Nc5 Nd6 37. Ne2 Kg7 38. Nf4 h6 39. gxh6+ Nxh6 40. Kf2 Nhf5 41. g4 Ne7 42. Ke2 b6 43. Nd7 b5 44. Ne5 f6 45. Ne6+ Kg8 46. Nd7 Kf7 47. Nec5 g5 48. Kd3 Ng6 49. Nb8 Ne7 50. Nbd7 Nc4 51. Nb7 Ke6 52. Ndc5+ Kf7 53. Nd7 Ke6 54. Ndc5+ Kf7 55. Nd8+ Ke8 56. Nde6 Ng6 57. Nc7+ Ke7 58. N7a6 Nf4+ 59. Kc2 Ne3+ 60. Kb3 Ne2 61. Nb8 Kd6 62. Nba6 Ng1 63. Nb7+ Ke7 64. Nb8 Nxf3 65. Nxc6+ Ke6 66. Na7 Nxg4 67. Nxb5 Ne3 68. Nc5+ Ke7 69. Nc7 g4 70. b5 g3 71. b6 g2 72. b7 g1=Q 73. Nb5 Qb1+ 74. Ka4 Qa2+ 75. Na3 Nc4 76. b8=Q Qxa3+ 77. Kb5 Qb2+ 0-1


[Site "https://www.chess.com"]

[Event "Titled Tuesday Blitz February 14 Early 2023"]
[White "Gharibyan, Mamikon"]
[Black "Le, Tuan Minh"]
[WhiteFideId "13308300"]
[BlackFideId "12401153"]
[WhiteElo "2500"]
[BlackElo "2542"]
[Result "0-1"]
[Round "09"]
[TimeControl "180+2"]
[Date "2023.02.14"]
[WhiteClock "0:00:05"]
[BlackClock "0:00:16"]

1. e4 c5 2. Nf3 Nf6 3. Nc3 d5 4. exd5 Nxd5 5. Bc4 Nb6 6. Bb5+ Bd7 7. a4 a6 8. Bxd7+ Qxd7 9. a5 Nd5 10. O-O Nc6 11. Na4 Qd6 12. c3 e6 13. d4 cxd4 14. Nxd4 Be7 15. Nb3 Qc7 16. Qg4 O-O 17. Bh6 Bf6 18. Nac5 Rad8 19. Ne4 Be5 20. Bg5 f5 21. Qh3 Rde8 22. Nec5 Bd6 23. Rad1 Ne5 24. Nxe6 Rxe6 25. Rxd5 Qc4 26. Rfd1 Nf7 27. Qxf5 Rfe8 28. Be3 Qxb3 29. h4 Re5 30. Rxe5 Qxd1+ 0-1


[Site "https://www.chess.com"]

[Event "Titled Tuesday Blitz February 14 Early 2023"]
[White "Kovalenko, Igor"]
[Black "Pranav, V"]
[WhiteFideId "14117908"]
[BlackFideId "25060783"]
[WhiteElo "2674"]
[BlackElo "2597"]
[Result "0-1"]
[Round "09"]
[TimeControl "180+2"]
[Date "2023.02.14"]
[WhiteClock "0:00:01"]
[BlackClock "0:00:04"]

1. c4 e5 2. Nc3 Nc6 3. g3 g6 4. Bg2 Bg7 5. Rb1 d6 6. b4 Nf6 7. e3 O-O 8. Nge2 Ne7 9. d4 Bf5 10. Rb3 e4 11. h3 h5 12. d5 c6 13. Nd4 Re8 14. Nxf5 Nxf5 15. Bb2 Rc8 16. dxc6 Rxc6 17. c5 Qe7 18. cxd6 Rxd6 19. Qb1 Rdd8 20. O-O Nd6 21. Rd1 Nc4 22. Rxd8 Rxd8 23. Bc1 h4 24. g4 Qe6 25. Qc2 Nd6 26. Ne2 Nd5 27. b5 Rc8 28. Qd1 g5 29. Ba3 Nc4 30. Nd4 Bxd4 31. Qxd4 Nxa3 32. Rxa3 Rc1+ 33. Bf1 a6 34. bxa6 bxa6 35. Qb2 Qc6 36. Rb3 f6 37. Rb8+ Kg7 38. Kg2 Rc2 39. Qa3 Qc5 40. Qxc5 Rxc5 41. Bxa6 Rc2 42. a4 Nxe3+ 43. Kg1 Nd1 44. Rb7+ Kf8 45. Rb6 Ke7 46. Rb7+ Kd8 47. Rb6 Nxf2 48. Bf1 e3 49. Rxf6 Rc1 50. Kg2 Ne4 51. Re6 Rc2+ 52. Kg1 Ng3 53. Rxe3 Rc1 54. Rxg3 hxg3 55. Kg2 Rc3 56. a5 Ra3 57. a6 Ke7 58. Bb5 Kd6 59. Bc4 Ke5 60. Bb5 Kf4 61. Bc4 Ra4 62. Bb5 Ra2+ 63. Kg1 g2 64. Kh2 Kf3 65. Bc6+ Kf2 66. Bxg2 Rxa6 67. Bb7 Rb6 68. Bg2 Rb2 69. Bc6 Kf1+ 70. Kh1 Rf2 71. Bd5 Ke2 72. Kg1 Ke3 73. Bc6 Rc2 74. Bg2 Kf4 75. h4 Kg3 0-1


[Site "https://www.chess.com"]